 Dungeon Crawl Stone Soup version 0.27-a0-1322-gfdffb62a71 (webtiles) character file.

Game seed: 584368980319638193

93 dolemite99 the Cutter (level 4, -3/33 HPs)
             Began as a Demonspawn Gladiator on June 23, 2021.
             Was a Believer of Ru.
             Slain by an orc (4 damage)
             ... on level 3 of the Dungeon.
             The game lasted 00:02:10 (2401 turns).

dolemite99 the Cutter (Demonspawn Gladiator)        Turns: 2401, Time: 00:02:10

Health: -3/33      AC:  9    Str: 12 (15) XL:     4   Next: 37%
Magic:  4/4        EV:  5    Int:  6 (9)  God:    Ru [**....]
Gold:   155        SH:  0    Dex: 12 (15) Spells: 3/3 levels left

rFire    . . .     SeeInvis .   a - +0 rapier
rCold    . . .     Faith    .   (no shield)
rNeg     . . .     Spirit   .   n - +0 chain mail
rPois    .         Reflect  .   (helmet restricted)
rElec    .         Harm     .   (no cloak)
rCorr    .         Rampage  .   p - +0 pair of gloves
Will     .....                  (no boots)
Stlth    ..........             (no amulet)
HPRegen  0.11/turn              (no ring)
MPRegen  0.09/turn              (no ring)

@: mighty, attractive
A: antennae 1, foul stench 1, powered by pain 1, hated by all
a: Renounce Religion


You were on level 3 of the Dungeon.
You worshipped Ru.
Ru was pleased with you.
You visited 1 branch of the dungeon, and saw 3 of its levels.

You collected 155 gold pieces.

Inventory:

Hand Weapons
 a - a +0 rapier (weapon)
 o - a +0 dagger of pain
Missiles
 d - 3 throwing nets (quivered)
 k - 66 stones
 l - 16 poisoned darts
Armour
 b - a +0 leather armour
 c - a +0 helmet
 j - a +0 ring mail
 n - a +0 chain mail (worn)
 p - a +0 pair of gloves (worn)
 q - a scarf of shadows
Jewellery
 h - an amulet of the acrobat
Scrolls
 e - 4 scrolls of teleportation {unknown}
 m - a scroll of enchant weapon {unknown}
Potions
 f - a potion of might


   Skills:
 - Level 2.0 Fighting
 + Level 4.8 Short Blades
 - Level 1.7 Throwing
 - Level 2.6 Dodging


You had 3 spell levels left.
You didn't know any spells.
Your spell library contained the following spells:

 Spells                   Type           Power      Damage    Failure   Level
 Foxfire                  Conj/Fire      0%         2x1d4     100%        1
 Conjure Flame            Conj/Fire      0%         6-21      100%        3
 Inner Flame              Hex/Fire       0%         N/A       100%        3
 Sticky Flame             Conj/Fire      0%         2d3       100%        4
 Fireball                 Conj/Fire      0%         3d3       100%        5


Dungeon Overview and Level Annotations

Branches:
Dungeon (3/15)

Altars:
Gozag
Ru


Innate Abilities, Weirdness & Mutations

You have a pair of small antennae on your head.
You may rarely emit foul miasma when damaged in melee.
You sometimes gain a little power by taking damage.
You are hated by all.


Message History

You see here a hobgoblin corpse.
You are too injured to fight recklessly!
You hit the orc.
The orc is severely wounded.
The orc barely misses you.
It was a potion of might.
You feel very mighty all of a sudden. The orc barely misses you.
You barely miss the orc.
The orc is severely wounded.
The orc hits you but does no damage.
Your chain mail prevents you from hitting the orc.
The orc is severely wounded.
The orc priest calls upon Beogh to heal the orc.
The orc's wounds heal themselves!
The orc hits you but does no damage.
You puncture the orc!
You kill the orc!
You hit the orc priest.
The orc priest is moderately wounded.
The orc priest hits you with a +0 hand axe.
An orc comes into view. It is wielding a +0 mace.
You closely miss the orc priest.
The orc priest is moderately wounded.
The orc shouts!
Your chain mail prevents you from hitting the orc.
The orc priest casts a cantrip, but nothing happens.
It was a potion of degeneration.
There was something very wrong with that liquid.
You feel weakened.
You feel dopey.
You feel clumsy. The orc hits you with a +0 flail.
* * * LOW HITPOINT WARNING * * *
The orc priest begins to pray, but is stunned by your conviction!
It was a potion of attraction.
You feel attractive to monsters. The orc hits you with a +0 flail!
* * * LOW HITPOINT WARNING * * *
You focus on the pain.
You feel mightier all of a sudden.
You closely miss the orc. The orc hits you with a +0 flail.
You die...

### #############.#
...oooo@......#
#############.# #.# #.#
#.# #.# #.# #.#
######################.#


You could see an orc priest and 3 orcs.

Vanquished Creatures
  4 adders
  2 dart slugs (D:3)
  3 orcs (D:3)
  3 ball pythons (D:2)
  3 endoplasms
  2 giant cockroaches
  4 goblins
  5 hobgoblins
  5 jackals
  4 kobolds
  3 quokkas
  3 bats (D:1)
  A frilled lizard (D:2)
  3 rats
45 creatures vanquished.

Notes
Turn   | Place    | Note
-------+----------+-------------------------------------------
     0 | D:1      | dolemite99 the Demonspawn Gladiator began the quest for the
                  | Orb.
     0 | D:1      | Reached XP level 1. HP: 16/16 MP: 1/1
    95 | D:1      | Reached skill level 3 in Short Blades
   132 | D:1      | Found a faded altar of an unknown god.
   188 | D:1      | Became a worshipper of Ru the Awakened
   194 | D:1      | Gained mutation: You are hated by all. [Ru sacrifice]
   194 | D:1      | Reached * piety under Ru
   194 | D:1      | Reached ** piety under Ru
   320 | D:1      | Gained mutation: You have a pair of small antennae on your
                  | head. [demonic ancestry]
   320 | D:1      | Reached XP level 2. HP: 22/22 MP: 2/2
  1036 | D:2      | Gained mutation: You sometimes gain a little power by
                  | taking damage. [demonic ancestry]
  1036 | D:2      | Reached XP level 3. HP: 23/27 MP: 3/3
  1157 | D:2      | Found an opulent altar of Gozag.
  1182 | D:2      | Reached skill level 4 in Short Blades
  2053 | D:3      | Gained mutation: You may rarely emit foul miasma when
                  | damaged in melee. [demonic ancestry]
  2053 | D:3      | Reached XP level 4. HP: 33/33 MP: 4/4
  2400 | D:3      | HP: 1/33 [orc (7)]
  2401 | D:3      | Slain by an orc

Illustrated notes

Levels and vault maps discovered:
D:1:      minmay_arrival_nine_rooms, layout_basic,
          hellmonk_ecumenical_altar_zigzags
D:2:      layout_basic, basic_altar
D:3:      layout_basic

Skill      XL: |  1  2  3 |
---------------+----------+-----
Short Blades   | 3 4 |  4.8
Fighting       | |  2.0
Throwing       | |  1.7
Dodging        | |  2.6

Action                   |  1- 3 |  4- 6 || total
-------------------------+-------+-------++-------
Melee: Rapier            |   109 |    34 ||   143
Invok: Sacrifice Love    |     1 |       ||     1
  Use: Potion            |       |     3 ||     3
Armor: Leather armour    |     8 |       ||     8
       Ring mail         |    20 |       ||    20
       Chain mail        |    14 |    17 ||    31
Dodge: Dodged            |    78 |    11 ||    89

Table legend: (Time is in decaauts)
 A = Elapsed time spent in this place.
 B = Non-inter-level travel time spent in this place.
 C = Inter-level travel time spent in this place.
 D = Time resting spent in this place.
 E = Time spent auto-exploring this place.
 F = Levels seen in this place.
 G = Mean time per level.
                   A        B        C        D        E       F      G
               +--------+--------+--------+--------+--------+-----+--------+
         Total |   2401 |   2354 |     47 |    218 |   1735 |   3 |  800.3 |
       Dungeon |   2401 |   2354 |     47 |    218 |   1735 |   3 |  800.3 |
               +--------+--------+--------+--------+--------+-----+--------+

Top non-repeatable levels by time:
     D:2: 988 daAuts
     D:1: 769 daAuts
     D:3: 643 daAuts
